 Dungeon Crawl Stone Soup version 0.17-a0-1663-gb806841 (webtiles) character file.

146 wvc the Insei (level 5, -1/33 HPs)
             Began as a Tengu Monk on Aug 16, 2015.
             Slain by Grinder (4 damage)
             ... while paralysed by Grinder
             ... on level 3 of the Dungeon.
             The game lasted 00:05:34 (2060 turns).

wvc the Insei (Tengu Monk)                          Turns: 2060, Time: 00:05:34

Health: -1/33      AC:  7    Str: 11    XL:     5   Next: 28%
Magic:  6/6        EV:  2    Int: 12    God:
Gold:   127        SH:  0    Dex: 16    Spells: 0 memorised, 4 levels left

rFire  . . .     SeeInvis .     h - +0 rapier (curse)
rCold  . . .     Clarity  .     j - +0 scale mail
rNeg   . . .     SustAt   .     (no shield)
rPois  .         Gourm    .     (helmet restricted)
rElec  .         Spirit   .     (no cloak)
rCorr  .         Warding  .     p - +0 pair of gloves
rMut   .         Stasis   .     (boots unavailable)
MR     .....                    (no amulet)
Stlth  +.........               (no ring)
                                (no ring)

@: paralysed, not resistant to hostile enchantments, very unstealthy
A: beak, talons 3, able to fly 1
a: Fly


You were on level 3 of the Dungeon.
You were not hungry.

You visited 1 branch of the dungeon, and saw 3 of its levels.

You collected 127 gold pieces.

Inventory:

Hand weapons
 a - a +2 dagger of freezing
 h - a cursed +0 rapier (weapon)
 k - a +0 dagger of electrocution
 l - a +0 dagger of speed
 n - a +2 vampiric dagger
 r - a +0 halberd
Missiles
 e - 6 needles of sleeping
 f - 17 poisoned needles
 g - 8 curare-tipped needles
Armour
 j - a +0 scale mail (worn)
 p - a +0 pair of gloves (worn)
Potions
 d - a potion of heal wounds
 o - a potion of flight {unknown}
 t - a potion of agility {unknown}
Comestibles
 b - a bread ration
 c - a beef jerky
 i - 3 meat rations
 s - 2 fruits


   Skills:
 - Level 3.9 Fighting
 * Level 2.3 Polearms
 - Level 2.4 Armour
 - Level 4.1 Dodging
 - Level 2.0 Stealth
 - Level 4.3 Unarmed Combat


You had 4 spell levels left.
You didn't know any spells.

Dungeon Overview and Level Annotations

Branches:
Dungeon (3/15)

Altars:
Gozag
Trog

Annotations:
D:3 Grinder


Innate Abilities, Weirdness & Mutations

You have a beak for a mouth.
You have claws for feet.
You can fly.


Message History

You hit Grinder but do no damage.
Grinder is severely wounded.
Grinder hits you!
* * * LOW HITPOINT WARNING * * *
You writhe in agony.
* * * LOW HITPOINT WARNING * * *
You closely miss Grinder. You claw Grinder, but do no damage.
Your peck misses Grinder.
Grinder is severely wounded.
Grinder barely misses you.
You hit Grinder. Your peck misses Grinder.
Grinder is severely wounded.
Grinder gestures at you.
You suddenly lose the ability to move!
Grinder gestures.
Grinder blinks!
Grinder gestures.
Grinder blinks!
Grinder hits you.
You die...

## .. .# (# .
#####5##....
#...@.......
#.###ยง###...
#.# (# #.# (#
#.# .. #.# ##
##+## ###.#
##...## #...#
##.....## ##
#..##
##.......##
##.


You could see Grinder.

Vanquished Creatures
  Jessica (D:3)
  4 adders
  3 gnolls (D:2)
  An ooze (D:1)
  A worm (D:2)
  3 giant geckos
  7 bats
  A giant cockroach (D:1)
  5 hobgoblins
  4 jackals (D:2)
  4 kobolds (D:1)
  A giant newt (D:1)
  8 goblins
  8 rats
51 creatures vanquished.

Notes
Turn   | Place    | Note
--------------------------------------------------------------
     0 | D:1      | wvc the Tengu Monk began the quest for the Orb.
     0 | D:1      | Reached XP level 1. HP: 14/14 MP: 2/2
   147 | D:1      | Reached XP level 2. HP: 13/19 MP: 3/3
   752 | D:2      | Found a bloodstained altar of Trog.
   772 | D:2      | Reached XP level 3. HP: 19/23 MP: 4/4
   962 | D:2      | Reached skill level 1 in Armour
   974 | D:2      | Reached XP level 4. HP: 18/29 MP: 5/5
  1250 | D:2      | Reached skill level 1 in Polearms
  1667 | D:3      | Noticed Jessica
  1672 | D:3      | Killed Jessica
  1672 | D:3      | Gained mutation: You can fly. [Tengu growth]
  1672 | D:3      | Reached XP level 5. HP: 33/33 MP: 6/6
  1809 | D:3      | Found an opulent altar of Gozag.
  2035 | D:3      | Noticed Grinder
  2037 | D:3      | Paralysed by Grinder for 5 turns
  2054 | D:3      | Paralysed by Grinder for 7 turns
  2060 | D:3      | Slain by Grinder

Vault maps used:
D:1:      lemuel_arrival_lava_pool, solitary_fountain
D:2:      bloody_trog
D:3:      nicolae_overflow_hidden_temple, uniq_grinder, uniq_jessica

Action                   |  1- 3 |  4- 6 || total
-------------------------+-------+-------++-------
Melee: Unarmed           |    78 |    79 ||   157
       Rapier            |       |    16 ||    16
Throw: Javelin           |       |     4 ||     4
  Use: Scroll            |       |     8 ||     8
       Potion            |       |     1 ||     1
 Stab: Sleeping          |     4 |       ||     4
  Eat: Chunk             |       |     2 ||     2
       Beef jerky        |       |     1 ||     1
